 Dungeon Crawl Stone Soup version 0.26-a0-854-gdc81c2f471 (webtiles) character file.

Game seed: 12066173923893426062

211902 Kazma the Peltast (level 19, 155/155 HPs)
             Began as a Human Delver on Nov 22, 2020.
             Was a High Priest of the Shining One.
             Quit the game on level 2 of the Orcish Mines on May 19, 2022.
             The game lasted 12:36:39 (63788 turns).

Kazma the Peltast (Human Delver)                   Turns: 63788, Time: 12:36:39

Health: 155/155    AC: 36    Str: 24    XL:     19   Next: 62%
Magic:  25/25      EV: 13    Int: 19    God:    the Shining One [*****.]
Gold:   2061       SH: 26    Dex: 17    Spells: 20/20 levels left

rFire    + . .     SeeInvis .   y - +11 trident of Tumult {speed, MR+ Int+6}
rCold    + . .     Faith    .   k - +0 tower shield {AC+3}
rNeg     + + +     Spirit   .   T - +7 chain mail of Dyspraxia {rF+ rC+ rN+ Str+2}
rPois    +         Reflect  +   j - +2 helmet {Int+3}
rElec    .         Harm     .   J - +2 cloak
rCorr    .         Rampage  .   W - +1 pair of gloves {Str+3}
MR       ++...                  G - +2 pair of boots {Stlth+}
Stlth    +.........             x - amulet of reflection
HPRegen  0.35/turn              O - +4 ring of evasion
MPRegen  0.19/turn              S - ring of poison resistance

@: glowing
A: no striking features
}: 1/15 runes: serpentine
a: Divine Shield, Cleansing Flame, Summon Divine Warrior, Renounce Religion


You were on level 2 of the Orcish Mines.
You worshipped the Shining One.
The Shining One was extremely pleased with you.
You visited 6 branches of the dungeon, and saw 30 of its levels.
You also visited: Ossuary, Bailey and Ice Cave.

You collected 3075 gold pieces.
You spent 1014 gold pieces at shops.

Inventory:

Hand Weapons
 a - a +6 scimitar of holy wrath
 m - a +3 scimitar of venom
 s - a +2 hunting sling of freezing
 y - the +11 trident of Tumult (weapon) {speed, MR+ Int+6}
   (You found it in an ice cave)

   Attacks with this weapon are significantly faster.
   It affects your intelligence (+6).
   It affects your resistance to hostile enchantments.
Missiles
 i - 6 curare-tipped darts
 B - 123 sling bullets
 F - 27 poisoned darts
 R - 6 javelins (quivered)
Armour
 b - a +2 scale mail of poison resistance
 j - a +2 helmet of intelligence (worn)
 k - a +0 tower shield of protection (worn)
 G - a +2 pair of boots of stealth (worn)
 J - a +2 cloak (worn)
 T - the +7 chain mail of Dyspraxia (worn) {rF+ rC+ rN+ Str+2}
   (You took it off a death knight on level 13 of the Dungeon)

   It affects your strength (+2).
   It protects you from fire.
   It protects you from cold.
   It protects you from negative energy.
 W - a +1 pair of gloves of strength (worn)
 Z - a +1 robe of magic resistance
Jewellery
 o - the ring of Arrival {+Fly rN+ rCorr Dex+8 Slay-2}
   (You found it on level 6 of the Lair of Beasts)

   [ring of resist corrosion]

   It affects your dexterity (+8).
   It affects your accuracy and damage with ranged weapons and melee attacks
   (-2).
   It protects you from negative energy.
   It lets you fly.
   It provides partial protection from all sources of acid and corrosion.
 v - an uncursed ring of ice
 x - an amulet of reflection (around neck)
 D - an uncursed ring of protection from cold
 K - an uncursed ring of fire
 O - a +4 ring of evasion (left hand)
 Q - an uncursed ring of protection from fire
 S - a ring of poison resistance (right hand)
 V - the ring "Wuxegec" {Wiz +Blink Int+2}
   (You found it on level 9 of the Dungeon)

   [ring of wizardry]

   It improves your spell success rate.
   It affects your intelligence (+2).
   It lets you blink.
Wands
 e - a wand of flame (23)
 g - a wand of digging (6)
 E - a wand of disintegration (16)
 I - a wand of iceblast (26)
 X - a wand of polymorph (3)
 Y - a wand of acid (10)
Scrolls
 c - 3 scrolls of fog
 f - a scroll of silence
 h - 5 scrolls of enchant armour
 l - 20 scrolls of teleportation
 n - 11 scrolls of remove curse
 t - 7 scrolls of enchant weapon
 C - a scroll of fear
 L - a scroll of summoning
 M - 3 scrolls of magic mapping
 N - 5 scrolls of blinking
Potions
 d - 2 potions of cancellation
 p - 3 potions of heal wounds
 q - 3 potions of might
 r - 5 potions of lignification
 u - a potion of berserk rage
 z - 4 potions of curing
 A - 4 potions of haste
 H - a potion of brilliance
 P - 3 potions of magic
Miscellaneous
 w - a lightning rod (4/4)
 U - a phantom mirror


   Skills:
 + Level 15.4 Fighting
 - Level 11.2 Long Blades
 + Level 14.5 Polearms
 - Level 2.2(3.0) Slings
 - Level 3.0(3.3) Throwing
 + Level 13.2 Armour
 - Level 3.0 Dodging
 - Level 5.3 Stealth
 + Level 16.3 Shields
 - Level 1.0 Spellcasting
 - Level 8.0 Invocations
 - Level 6.0 Evocations


You had 20 spell levels left.
You didn't know any spells.
Your spell library contained the following spells:

 Spells                   Type           Power        Failure   Level
 Animate Skeleton         Necr           #.....       95%         1
 Apportation              Tloc           #.....       95%         1
 Corona                   Hex            #......      95%         1
 Foxfire                  Conj/Fire      #...         95%         1
 Magic Dart               Conj           #...         95%         1
 Sting                    Tmut/Pois      #...         95%         1
 Summon Small Mammal      Summ           #...         95%         1
 Blink                    Tloc           N/A          98%         2
 Call Imp                 Summ           #.......     98%         2
 Poisonous Vapours        Pois/Air       #.....       98%         2
 Searing Ray              Conj           #.....       98%         2
 Slow                     Hex            #.......     98%         2
 Call Canine Familiar     Summ           #.......     100%        3
 Confusing Touch          Hex            #.......     100%        3
 Conjure Flame            Conj/Fire      #.......     100%        3
 Dazzling Flash           Conj/Hex       #.....       100%        3
 Gell's Gravitas          Tloc           #.........   100%        3
 Ignite Poison            Fire/Tmut/Pois #.......     100%        3
 Inner Flame              Hex/Fire       #.......     100%        3
 Mephitic Cloud           Conj/Pois/Air  #.......     100%        3
 Static Discharge         Conj/Air       #.......     100%        3
 Summon Guardian Golem    Hex/Summ       #.......     100%        3
 Fulminant Prism          Conj/Hex       #.........   100%        4
 Iskenderun's Mystic Bla  Conj/Tloc      #.......     100%        4
 Olgreb's Toxic Radiance  Pois           #.......     100%        4
 Petrify                  Tmut/Erth      #.......     100%        4
 Sticky Flame             Conj/Fire      #.......     100%        4
 Summon Ice Beast         Ice/Summ       #.......     100%        4
 Summon Lightning Spire   Summ/Air       #.......     100%        4
 Bolt of Magma            Conj/Fire/Erth #.........   100%        5
 Fireball                 Conj/Fire      #.........   100%        5
 Iskenderun's Battlesphe  Conj           #.......     100%        5
 Metabolic Englaciation   Hex/Ice        #.........   100%        5
 Yara's Violent Unravell  Hex/Tmut       #.........   100%        5
 Freezing Cloud           Conj/Ice/Air   #.........   100%        6
 Iron Shot                Conj/Erth      #.........   100%        6
 Orb of Destruction       Conj           #.........   100%        7
 Spellforged Servitor     Conj/Summ      #.........   100%        7
 Ignition                 Fire           #.........   100%        8


Dungeon Overview and Level Annotations

Branches:
Dungeon (15/15)            Temple (0/1) D:6            Lair (6/6) D:10
 Shoals (2/4) Lair:2        Snake (4/4) Lair:3        Slime (0/5) Lair:5
    Orc (2/2) D:9             Elf (1/3) Orc:2        Vaults (0/5) D:14
 Depths (0/5) D:15        Ossuary (visited)          Bailey (visited)
  IceCv (visited)

Altars:
Ashenzari
Cheibriados
Dithmenos
Elyvilon
Fedhas
Hepliaklqana
Nemelex Xobeh
Okawaru
Trog
Vehumet
Wu Jian
Yredelemnul
The Shining One
Beogh
Jiyva

Shops:
D:4 !!   D:8 *   D:11 ?   Orc:2 =[(*   Shoals:2 *   Snake:1 (   Snake:4 ?

Portals:
Trove: D:15 (give +7 demon trident)

Annotations:
D:9 exclusion: orange crystal statue
Shoals:2 2 transporters, Ilsuiw
Orc:1 3 runed translucent doors, Fac Jizoo's ghost, journeyman FoAK


Message History

a +0 flail; a cursed -1 leather armour; a +0 club
Things that are here:
a +0 chain mail; a +0 battleaxe
There is an entrance to Sysoes's Assorted Antiques here.
You see here a scroll of noise.
You can access your shopping list by pressing '$'.
Saving game... please wait.
Welcome back, Kazma the Human Delver.
The Shining One says: Lead the forces of light to victory!
Press ? for a list of commands and other information.
Unknown command.
Unknown command.
Unknown command.
Unknown command.
Unknown command.
Quiver which item? (- for none, * to show all) (? for menu, Esc to quit)
Quiver which item? (- for none, * to show all) (? for menu, Esc to quit)
Okay, then.
Unknown command.
Are you sure you want to abandon this character and quit the game? (Confirm with "yes".)

.............................#
..............#########......#
........#.....##.._..##......#
..[[....#.....#.......#[.....#
...[..)..#....#...[[..#......#
..##)##.......#...#)###......#
.##[[)##..#.#.#...#.[.#......#
.#.....#...#..#8.8#[8.#......#
.#..8..#......#.@.#.))#......#
(#.....#......#######'#.....##
.##...##.....................#
..#####...............##.....#
..)..........###.#.#.##......#
..[[..........#####..........#
.........#...######.######...#
..[......#.#.##.##..#..))#...#
...[................#_.).'...#


There were no monsters in sight!

Vanquished Creatures
  Mara (Snake:4)
  Saint Roka (Orc:2)
  Nikola (Shoals:1)
  Frances (Shoals:1)
  7 nagarajas
  Aizul (Snake:1)
  Azrael (D:12)
  2 dire elephants
  A merfolk javelineer (Shoals:2)
  4 vault guards (D:14)
  4 boulder beetles
  19 naga warriors
  9 anacondas
  2 centaur warriors (D:13)
  A merfolk avatar (Shoals:1)
  An alligator snapping turtle (Shoals:1)
  A death knight (D:12)
  6 hydras
  A merfolk aquamancer (Shoals:2)
  4 two-headed ogres
  2 tengu warriors (D:15)
  2 orc high priests
  Urug (Lair:6)
  16 naga sharpshooters
  The ghost of dricus the Spear-Bearer, a novice OpFi of Okawaru (D:10)
  8 shock serpents
  2 fire crabs (Lair:4)
  A salamander mystic (Snake:3)
  4 skeletal warriors (D:13)
  7 sea snakes
  2 unseen horrors
  6 naga ritualists
  14 harpies
  A necromancer (Lair:3)
  A wolf spider zombie (D:15)
  2 oklob plants (Lair:1)
  7 deep elf magi
  3 cyclopes
  5 orc knights
  8 mana vipers
  9 ugly things
  4 orc sorcerers
  10 manticores
  9 salamanders
  3 fauns
  A salamander (shapeshifter) (D:15)
  21 elephants
  4 guardian serpents
  21 black mambas
  3 merfolk sirens (Shoals:1)
  An elephant (shapeshifter) (D:15)
  2 water nymphs
  21 cane toads
  5 rime drakes
  4 gargoyles
  30 naga magi
  A kobold demonologist (D:14)
  5 komodo dragons
  2 freezing wraiths
  An efreet (D:13)
  A tengu conjurer (D:13)
  10 ice devils (IceCv)
  7 trolls
  A hornet (D:12)
  A wind drake (Shoals:1)
  4 merfolk
  10 slime creatures
  2 polar bears
  Prince Ribbit (D:8)
  21 blink frogs
  5 snapping turtles
  A meliai zombie (D:14)
  2 water elementals
  3 shadows
  9 wraiths
  5 wyverns
  2 fire bats (Lair:4)
  4 fire elementals
  39 yaks
  A hog (shapeshifter) (D:13)
  A vampire mosquito (D:13)
  2 basilisks
  2 wargs
  A soldier ant (D:15)
  50 nagas
  16 water moccasins
  An acid dragon (D:13)
  49 orc warriors
  4 hell hounds
  12 ice beasts
  A black bear (D:10)
  3 phantoms
  15 ogres
  37 wolves
  2 necrophages
  3 centaurs
  A big kobold (D:7)
  2 elf zombies (Ossuary)
  2 wyvern zombies (D:14)
  2 gnoll sergeants
  16 bullfrogs
  3 scorpions
  3 wyvern skeletons
  12 killer bees
  13 wights
  4 howler monkeys
  2 electric eels (Snake:4)
  A lava snake (D:12)
  3 bullfrog zombies
  2 centaur zombies
  2 human zombies (Ossuary)
  7 hounds
  7 centaur skeletons
  3 jellies
  24 orc priests
  2 bullfrog skeletons
  Natasha (thrice) (D:2)
  3 iguanas
  40 orc wizards
  3 yak simulacra (Lair:3)
  15 worker ants
  2 polar bear simulacra (Lair:3)
  3 wolf simulacra (Lair:3)
  2 big kobold zombies (Ossuary)
  2 hound zombies (Ossuary)
  3 mummies (Ossuary)
  A worker ant zombie (D:7)
  20 gnolls
  A howler monkey skeleton (D:10)
  10 adders
  2 shadow imps
  11 white imps
  7 ufetubi
  2 adder skeletons
  5 adder zombies (Ossuary)
  4 worms
  4 dart slugs
  5 leopard geckos
  144 orcs
  2 ball pythons
  6 giant cockroaches
  2 gnoll zombies (Ossuary)
  5 hobgoblins
  6 jackals
  11 kobolds
  A quokka (D:4)
  5 bats
  3 frilled lizards
  10 goblins
  5 goblin zombies (Ossuary)
  3 hobgoblin zombies (Ossuary)
  3 jackal zombies (Ossuary)
  3 kobold zombies (Ossuary)
  2 leopard gecko zombies
  A quokka zombie (Ossuary)
  4 rats
  4 rat zombies (Ossuary)
1125 creatures vanquished.

Vanquished Creatures (collateral kills)
  5 dire elephants (Lair:6)
  Snorg (Lair:6)
  A two-headed ogre (D:13)
  3 hydras
  2 death knights
  3 skeletal warriors (D:13)
  An orc knight (D:15)
  A deep elf mage (D:15)
  A salamander (D:15)
  A manticore (D:15)
  A cane toad (Lair:6)
  A freezing wraith (D:13)
  2 kobold demonologists (D:13)
  A komodo dragon (Lair:6)
  3 slime creatures (D:15)
  A wyvern (D:15)
  2 wraiths (D:15)
  A water moccasin (Lair:6)
  An orc warrior (D:15)
  A big kobold (D:13)
  An iguana (D:13)
  2 orc priests
  2 orc wizards
  2 orcs (D:15)
  A kobold (D:13)
41 creatures vanquished.

Vanquished Creatures (others)
  A reaper (IceCv)
  A naga (Snake:3)
  A hell hound (D:13)
  An orc warrior (D:12)
  A polar bear simulacrum (Lair:3)
  A wolf simulacrum (Lair:3)
  5 ufetubi (IceCv)
  An orc (D:13)
  A river rat simulacrum (Lair:3)
  31 fungi
  128 plants
172 creatures vanquished.

Grand Total: 1338 creatures vanquished

Notes
Turn   | Place    | Note
-------+----------+-------------------------------------------
     0 | D:5      | Kazma the Human Delver began the quest for the Orb.
     0 | D:5      | Reached XP level 1. HP: 18/18 MP: 1/1
    13 | D:5      | Noticed a worker ant
   139 | D:5      | ?
   205 | D:5      | Reached XP level 2. HP: 19/24 MP: 2/2
   474 | D:3      | Reached XP level 3. HP: 22/29 MP: 3/3
   992 | D:2      | Reached skill level 1 in Armour
  1160 | D:1      | Reached XP level 4. HP: 35/35 MP: 4/4
  1778 | D:2      | Found a faded altar of an unknown god.
  2343 | D:2      | Noticed Natasha
  2356 | D:2      | Killed Natasha
  2357 | D:2      | Reached XP level 5. HP: 19/42 MP: 5/5
  2748 | D:2      | You fall into a shaft and drop 1 floor!
  3457 | D:2      | Noticed Natasha
  3473 | D:2      | Killed Natasha
  3624 | D:2      | Noticed Natasha
  3642 | D:2      | Killed Natasha
  3643 | D:2      | Reached XP level 6. HP: 36/48 MP: 6/6
  4168 | D:4      | Found Vumyt's Distillery.
  4245 | D:4      | Found Xucog's Distillery.
  4498 | D:4      | Reached XP level 7. HP: 52/55 MP: 7/7
  4810 | D:4      | Found a glowing golden altar of the Shining One.
  4815 | D:4      | Became a worshipper of the Shining One
  4986 | D:5      | Reached skill level 5 in Fighting
  5127 | D:4      | HP: 4/84 [poisoned by an orc wizard]
  6747 | D:6      | Reached skill level 5 in Long Blades
  6747 | D:6      | Reached XP level 8. HP: 57/63 MP: 8/8
  6852 | D:6      | Found a staircase to the Ecumenical Temple.
  7152 | D:6      | Found a snail-covered altar of Cheibriados.
  7716 | D:6      | Reached skill level 5 in Armour
  8261 | D:7      | Found a sand-covered staircase.
  8266 | Ossuary  | Entered an ossuary
  8272 | Ossuary  | Reached * piety under the Shining One
  8315 | Ossuary  | Reached ** piety under the Shining One
  8508 | Ossuary  | Reached *** piety under the Shining One
  8523 | Ossuary  | Reached XP level 9. HP: 70/71 MP: 9/9
  8660 | Ossuary  | Reached **** piety under the Shining One
  9491 | D:7      | Found a broken altar of Ashenzari.
  9655 | D:7      | Found a basalt altar of Yredelemnul.
  9813 | D:7      | Found a white marble altar of Elyvilon.
  9995 | D:8      | Found a hazy altar of Hepliaklqana.
  9996 | D:8      | Found a shadowy altar of Dithmenos.
 10020 | D:8      | Reached skill level 1 in Polearms
 10020 | D:8      | Reached skill level 1 in Shields
 10231 | D:8      | Found a sparkling altar of Nemelex Xobeh.
 10278 | D:8      | Noticed Prince Ribbit
 10289 | D:8      | Killed Prince Ribbit
 10290 | D:8      | Reached skill level 2 in Shields
 10361 | D:8      | Got a heavy robe
 10669 | D:8      | Found Kuhyr's Lightly-Used Armoury.
 10922 | D:9      | Reached XP level 10. HP: 65/79 MP: 10/10
 11300 | D:9      | Reached skill level 3 in Shields
 11360 | D:9      | Reached skill level 1 in Invocations
 11363 | D:9      | Reached ***** piety under the Shining One
 11369 | D:9      | Reached skill level 1 in Throwing
 11418 | D:9      | Noticed an orange crystal statue
 11429 | D:9      | Found a staircase to the Orcish Mines.
 11734 | D:9      | Found a blossoming altar of Fedhas.
 11917 | D:9      | Reached skill level 4 in Shields
 12020 | D:9      | Noticed a two-headed ogre
 12035 | D:9      | Killed a two-headed ogre
 12302 | D:9      | Found an ornate altar of the Wu Jian Council.
 12302 | D:9      | Found a radiant altar of Vehumet.
 12406 | D:9      | Got a heavily runed bone ring
 12430 | D:9      | Noticed a manticore
 12674 | D:9      | Identified the ring "Wuxegec" {Wiz +Blink Int+2} (You found
                  | it on level 9 of the Dungeon)
 12714 | D:10     | Entered Level 10 of the Dungeon
 13006 | D:9      | Reached skill level 5 in Shields
 13195 | D:10     | Reached XP level 11. HP: 86/86 MP: 14/14
 13429 | D:10     | Reached skill level 5 in Invocations
 13499 | D:10     | Found a staircase to the Lair.
 13543 | D:10     | Reached skill level 1 in Evocations
 13547 | D:10     | Reached skill level 6 in Shields
 13956 | D:10     | Found a runed translucent gate.
 13957 | D:10     | Found a runed translucent gate.
 13958 | D:10     | Found a runed translucent gate.
 13960 | D:10     | Noticed dricus's ghost (novice OpFi)
 14157 | D:10     | Found a runed translucent gate.
 14157 | D:10     | Found a runed translucent gate.
 14157 | D:10     | Found a runed translucent gate.
 14196 | D:11     | Noticed a brown ugly thing
 14331 | D:10     | Killed a brown ugly thing
 15189 | D:11     | Found Woropset's Magic Scroll Shoppe.
 15239 | D:11     | Bought a scroll of identify for 28 gold pieces
 15239 | D:11     | Bought a scroll of identify for 28 gold pieces
 15239 | D:11     | Bought a scroll of enchant armour for 105 gold pieces
 15296 | D:11     | Noticed an unseen horror
 15306 | D:11     | Killed an unseen horror
 15307 | D:11     | Reached skill level 1 in Slings
 15316 | D:11     | Noticed a two-headed ogre
 15324 | D:11     | Killed a two-headed ogre
 15681 | D:10     | Found a staircase to the Lair.
 15691 | Lair:1   | Entered Level 1 of the Lair of Beasts
 15954 | Lair:1   | Reached skill level 7 in Shields
 16294 | Lair:1   | Noticed an oklob plant
 16662 | Lair:1   | Noticed an oklob plant
 18917 | Lair:1   | Killed an oklob plant
 18918 | Lair:1   | Reached XP level 12. HP: 46/95 MP: 16/16
 20677 | Lair:2   | The Shining One protects you from harm!
 20677 | Lair:2   | HP: 3/95 [black mamba (3)]
 20678 | Lair:2   | HP: 1/95 [poisoned by a black mamba]
 20679 | Lair:2   | The Shining One protects you from harm!
 21069 | Lair:2   | Reached skill level 8 in Shields
 21393 | Lair:2   | Found a staircase to the Shoals.
 21658 | Lair:3   | Noticed an eight-headed hydra
 21665 | Lair:3   | Killed an eight-headed hydra
 22272 | Lair:3   | Reached skill level 9 in Shields
 22473 | Lair:3   | Found a staircase to the Snake Pit.
 22661 | Lair:3   | Noticed a boulder beetle
 22680 | Lair:3   | Killed a boulder beetle
 22925 | Lair:3   | Reached skill level 10 in Fighting
 22933 | Lair:3   | Reached XP level 13. HP: 90/103 MP: 17/17
 23028 | Lair:3   | Reached ****** piety under the Shining One
 23038 | Lair:3   | Identified a +6 scimitar of holy wrath (a +4 scimitar of
                  | freezing blessed by the Shining One)
 23038 | Lair:3   | Received a gift from the Shining One
 23911 | Lair:4   | Found a transporter.
 24152 | Lair:4   | Reached skill level 10 in Long Blades
 24152 | Lair:4   | Reached skill level 10 in Shields
 24173 | Lair:4   | Found a transporter.
 26014 | Lair:4   | Reached skill level 10 in Armour
 26696 | Lair:4   | Reached skill level 11 in Shields
 27443 | Lair:5   | Reached XP level 14. HP: 97/111 MP: 18/18
 28035 | Lair:5   | HP: 2/113 [13-headed hydra (4)]
 28035 | Lair:5   | The Shining One protects you from harm!
 29337 | Lair:5   | Reached skill level 12 in Shields
 29825 | Lair:5   | Found a viscous altar of Jiyva.
 29826 | Lair:5   | Found a staircase to the Slime Pits.
 29965 | Lair:6   | Entered Level 6 of the Lair of Beasts
 30314 | Lair:6   | Noticed Snorg
 30322 | Lair:6   | Killed Snorg
 30379 | Lair:6   | Found a frozen archway.
 30419 | IceCv    | Entered an ice cave
 30670 | IceCv    | Killed a reaper
 31090 | IceCv    | Got a jewelled trident
 31091 | IceCv    | Identified the +11 trident of Tumult {speed, MR+ Int+6}
                  | (You found it in an ice cave)
 33592 | Lair:6   | Noticed Urug
 33599 | Lair:6   | Reached XP level 15. HP: 103/120 MP: 18/20
 33612 | Lair:6   | Killed Urug
 34216 | Lair:6   | Got a bound marble ring
 34238 | Lair:6   | Identified the ring of Arrival {+Fly rN+ rCorr Dex+8
                  | Slay-2} (You found it on level 6 of the Lair of Beasts)
 34283 | Lair:6   | Identified the Guide on Flamy Lightness
 34343 | Lair:6   | Reached skill level 13 in Shields
 35685 | D:10     | Killed dricus's ghost
 35701 | D:10     | Reached skill level 5 in Polearms
 35779 | Orc:1    | Entered Level 1 of the Orcish Mines
 36345 | Orc:1    | Found a runed translucent gate.
 36345 | Orc:1    | Found a runed translucent gate.
 36345 | Orc:1    | Found a runed translucent gate.
 36391 | Orc:1    | Noticed Fac Jizoo's ghost (journeyman FoAK)
 36392 | Orc:1    | Found a bloodstained altar of Trog.
 36606 | Orc:1    | Reached skill level 1 in Spellcasting
 36977 | Orc:2    | Entered Level 2 of the Orcish Mines
 36977 | Orc:2    | Found a staircase to the Elven Halls.
 37668 | Orc:2    | Found a roughly hewn altar of Beogh.
 37821 | Orc:2    | Found a roughly hewn altar of Beogh.
 37859 | Orc:2    | Found Sysoes's Assorted Antiques.
 37892 | Orc:2    | Found a roughly hewn altar of Beogh.
 38103 | Orc:2    | Noticed Saint Roka
 40153 | Orc:2    | Killed Saint Roka
 40365 | Orc:2    | Found Itusou Ivoli's Antique Weapon Shoppe.
 40366 | Orc:2    | Found a roughly hewn altar of Beogh.
 40369 | Orc:2    | Found Cuysom's Antique Armour Emporium.
 40543 | Orc:2    | Found a roughly hewn altar of Beogh.
 40564 | Orc:2    | Found Anisatz's Jewellery Shop.
 40722 | Elf:1    | Entered Level 1 of the Elven Halls
 40976 | Orc:2    | Bought a runed scarf for 176 gold pieces
 40976 | Orc:2    | Bought a pair of embroidered gloves for 165 gold pieces
 41062 | Orc:2    | Bought a scroll of identify for 50 gold pieces
 41308 | Orc:1    | Found an iron altar of Okawaru.
 41875 | D:12     | Found a flagged portal.
 41901 | Bailey   | Entered a bailey
 42790 | D:12     | Reached XP level 16. HP: 76/129 MP: 22/22
 43440 | D:13     | Noticed Azrael
 43862 | Orc:2    | Bought an uncursed ring of protection from fire for 350
                  | gold pieces
 44225 | D:12     | Killed Azrael
 45160 | D:13     | Identified the +7 chain mail of Dyspraxia {rF+ rC+ rN+
                  | Str+2}
 45948 | D:13     | Got a sparkling pewter amulet
 45959 | D:13     | Identified the amulet of Yredelemnul's Approval {Inacc rC+}
                  | (You found it on level 13 of the Dungeon)
 46253 | D:13     | Reached skill level 14 in Shields
 47427 | D:14     | Found a gate to the Vaults.
 47914 | D:14     | You fall into a shaft and drop 1 floor!
 47914 | D:15     | Entered Level 15 of the Dungeon
 48829 | D:14     | Reached skill level 10 in Polearms
 49193 | D:15     | Reached XP level 17. HP: 137/137 MP: 23/23
 49330 | D:15     | Found a portal to a secret trove of treasure.
 49980 | D:15     | Found a staircase to the Depths.
 50315 | D:14     | Got a masterwork great mace
 50321 | D:14     | Identified the +3 great mace of Articulation {spect, rC++
                  | MR+ Dex-3} (You found it on level 14 of the Dungeon)
 50630 | Shoals:1 | Entered Level 1 of the Shoals
 51133 | Shoals:1 | Noticed Frances
 51150 | Shoals:1 | Killed Frances
 51205 | Shoals:1 | Noticed Nikola
 51519 | Shoals:1 | Killed Nikola
 51845 | Shoals:1 | You fall into a shaft and drop 1 floor!
 53389 | Shoals:2 | Found Kiuss's Assorted Antiques.
 53391 | Shoals:2 | Found a transporter.
 53458 | Shoals:2 | Found a transporter.
 53509 | Shoals:2 | Noticed Ilsuiw
 54371 | Snake:1  | Entered Level 1 of the Snake Pit
 54931 | Lair:3   | Reached skill level 15 in Shields
 55485 | Snake:1  | Found Niehirch's Weapon Emporium.
 56088 | Snake:2  | Noticed Aizul
 56113 | Snake:1  | Killed Aizul
 56114 | Snake:1  | Reached XP level 18. HP: 87/146 MP: 22/24
 59156 | Snake:3  | Reached skill level 5 in Evocations
 60532 | Snake:4  | Entered Level 4 of the Snake Pit
 60546 | Snake:4  | Found a bloodstained altar of Trog.
 61476 | Snake:4  | Found Affaluq's Magic Scroll Emporium.
 61548 | Snake:4  | Noticed Mara
 61574 | Snake:4  | Killed Mara
 61575 | Snake:4  | Reached XP level 19. HP: 111/153 MP: 25/25
 61946 | Snake:4  | Bought a scroll of enchant weapon for 112 gold pieces
 62225 | Snake:4  | Reached skill level 15 in Fighting
 62351 | Snake:4  | Reached skill level 16 in Shields
 63111 | Snake:4  | Got a serpentine rune of Zot
 63788 | Orc:2    | Quit the game

Illustrated notes

#.# .#
#.#######
.#
#........
.#
#.#######
#.# #.# #.#
##.#######
##.@.......
#.....#####
#....##
#.#.##
#.#.# #.#.#
#.....(.o..
##.$######.
#..#


Turn 139 on D:5: ?

Levels and vault maps discovered:
D:1:      dpeg_arrival_solitude, layout_rooms, chequers_serial_rivers_micro_d,
          minmay_liquid_box
D:2:      minmay_spotlight, layout_loops_ring, chequers_ecumenical_altar_grove,
          uniq_natasha
D:3:      layout_loops_ring, nicolae_overflow_quartered_altars,
          item_on_display_a
D:4:      layout_basic, serial_shops, nicolae_shop_trees, shop_fountains,
          nicolae_tso_swordbearing_angel
D:5:      layout_loops_ring
D:6:      layout_loops_cross, lemuel_crystal_altar,
          minmay_temple_entry_antechambers
D:7:      wander_river, layout_gridville, ashenzari_conservatory_becter,
          kennysheep_ying_yang, enter_ossuary_2
D:8:      layout_gridville, riverfiend_overflow_shadow_ancestor,
          nemelex_xobeh_ov_fountains_minmay, minmay_shop_damaged,
          grunt_decor_one_mirror, minmay_fountain_box, uniq_prince_ribbit1
D:9:      layout_loops_ring, gammafunk_temple_overflow_elements, orc_0_dummy,
          basic_altar, minmay_protected_statue
D:10:     layout_basic, david_lair_generic, gammafunk_ghost_spectres,
          kennysheep_generic_room_11
D:11:     layout_cave_pools, serial_shops, shop_fountains
D:12:     layout_basic, serial_corexii_hall, corexii_hall_statues_x,
          corexii_hall_statues_deadend, enter_bailey_5, kennysheep_cross_room
D:13:     minmay_the_grid_octo_tiled_octocenter_mashed
          [minmay_the_grid_octo_checkerflower, minmay_the_grid_octo_empty,
          minmay_the_grid_octo_concentric, minmay_the_grid_octo_horde,
          minmay_the_grid_octo_prize_star, minmay_the_grid_square_5x5_z,
          minmay_the_grid_square_5x5_eight_small,
          minmay_the_grid_square_5x5_one_wall,
          minmay_the_grid_square_5x5_checkered], layout_basic,
          grunt_ministairs_1, grunt_decor_resistance, uniq_azrael
D:14:     layout_roguey, lightli_vaults_fourway_checkpoint,
          hangedman_abyss_or_decor_lesser_grid, kennysheep_generic_room_2
D:15:     hangedman_depths_entry_try_elsewhere_first, layout_irregular_city,
          nicolae_trove_entry_free_sample, hangedman_decor_growths
Lair:1:   layout_gridlike, minmay_lair_oklob_chamber
Lair:2:   layout_long_grid, shoals_dummy_entry, serial_bayou_crossing
Lair:3:   layout_loops_ring, minmay_snake_entry_guardpost_medium,
          eino_house_with_fridge
Lair:4:   gammafunk_cloud_chamber, layout_small_grid, beast_lair_carwin_2
Lair:5:   layout_gridlike, dpeg_slime_entry_enclosed_altar,
          grunt_forest_large_clearings
Lair:6:   due_jungle_book, layout_regular_city,
          portal_ice_cave_entry_ice_beasts, serial_bayou_lagoon_a, uniq_urug,
          uniq_snorg
Shoals:1: layout_shoals, uniq_nikola, uniq_frances
Shoals:2: layout_shoals, serial_shops, nicolae_shop_competitors_out_of_business,
          gammafunk_ghost_berserking_beasts, uniq_ilsuiw
Snake:1:  layout_grid_maze, serial_shops, shop_fountains
Snake:2:  layout_chambers, st_stairs_14, uniq_aizul
Snake:3:  layout_cave_town
Snake:4:  snake_pit, layout_basic, basic_altar, serial_shops, shop, uniq_mara
Orc:1:    layout_caves, gammafunk_ghost_fury_of_okawaru, bloody_trog
Orc:2:    grunt_orc_community_town_hall, layout_caves,
          grunt_orc_community_big_house_2, grunt_orc_community_big_house_2,
          grunt_orc_community_house_3, grunt_orc_community_house_3,
          grunt_orc_community_house_2, grunt_orc_community_house_2,
          grunt_orc_community_house_3, grunt_orc_community_house_3
Elf:1:    elf_arrival_001, layout_loops_corners, hangedman_corner_corridor,
          amethyst_killhole

Skill      XL: |  1  2  3  4  5  6  7  8  9 10 11 12 13 14 15 16 17 18 19 |
---------------+----------------------------------------------------------+-----
Armour         | 1 2 3 4 5 6 7 8 9 10 11 12 13 | 13.2
Long Blades    | 3 4 5 6 7 8 9 10 11 | 11.2
Fighting       | 4 5 6 7 8 9 10 11 12 13 14 15 | 15.4
Polearms       | 2 3 7 10 12 13 14 | 14.5
Shields        | 2 5 7 9 11 12 13 14 15 16 | 16.3
Invocations    | 4 6 7 8 |  8.0
Throwing       | 2 3 |  3.0
Evocations     | 3 6 |  6.0
Slings         | 2 |  2.2
Dodging        | 3 |  3.0
Spellcasting   | 1 |  1.0
Stealth        | |  5.3

Action                   |  1- 3 |  4- 6 |  7- 9 | 10-12 | 13-15 | 16-18 | 19-21 || total
-------------------------+-------+-------+-------+-------+-------+-------+-------++-------
Melee: Falchion          |    80 |   157 |   186 |       |       |       |       ||   423
       Scimitar          |       |       |   191 |   506 |   790 |    46 |       ||  1533
       Spear             |       |       |       |    68 |       |       |       ||    68
       Trident           |       |       |       |       |   960 |  1830 |   382 ||  3172
 Fire: Hunting sling     |    35 |    91 |   162 |   126 |   120 |    45 |       ||   579
Throw: Dart              |       |     1 |    47 |    59 |    79 |    80 |       ||   266
       Boomerang         |       |       |       |    13 |       |    56 |       ||    69
       Javelin           |       |       |       |       |     2 |    16 |       ||    18
Invok: Divine Shield     |       |       |       |       |    20 |    20 |       ||    40
       Brand Weapon With |       |       |       |       |     1 |       |       ||     1
       Summon Divine War |       |       |       |       |     5 |     7 |       ||    12
       Cleansing Flame   |       |       |       |       |       |     6 |       ||     6
 Abil: Evoke Blink       |       |       |       |     4 |     3 |     3 |       ||    10
       Evoke Flight      |       |       |       |       |     3 |     3 |     1 ||     7
Evoke: Wand              |       |       |       |    14 |    14 |     1 |       ||    29
       Tin of tremorston |       |       |       |       |     2 |       |       ||     2
  Use: Potion            |       |       |     7 |     9 |     3 |     3 |       ||    22
       Scroll            |       |       |    12 |     9 |     9 |     4 |       ||    34
 Stab: Sleeping          |     1 |       |       |       |       |       |       ||     1
Armor: Leather armour    |     3 |       |       |       |    10 |     6 |       ||    19
       Scale mail        |     9 |       |    73 |   237 |   530 |       |       ||   849
       Chain mail        |    53 |   109 |   119 |       |       |   321 |    42 ||   644
       Skin              |       |       |     2 |       |       |       |       ||     2
       Plate armour      |       |       |       |       |    32 |    95 |       ||   127
Dodge: Dodged            |    40 |    56 |   141 |   179 |   500 |   164 |    15 ||  1095
Block: Buckler           |       |       |     5 |    22 |       |       |       ||    27
       Kite shield       |       |       |       |   235 |  1022 |       |       ||  1257
       Tower shield      |       |       |       |       |    92 |  1245 |   160 ||  1497
       Reflection        |       |       |       |       |       |   107 |    53 ||   160
       Rpst.: Falchion   |     6 |    15 |    18 |       |       |       |       ||    39
       Scimitar          |       |       |    34 |    45 |    75 |       |       ||   154

Table legend: (Time is in decaauts)
 A = Elapsed time spent in this place.
 B = Non-inter-level travel time spent in this place.
 C = Inter-level travel time spent in this place.
 D = Time resting spent in this place.
 E = Time spent auto-exploring this place.
 F = Levels seen in this place.
 G = Mean time per level.
                   A        B        C        D        E       F      G
               +--------+--------+--------+--------+--------+-----+--------+
         Total |  62735 |  61003 |   1732 |  24016 |   8933 |  33 | 1901.1 |
       Dungeon |  23899 |  22786 |   1113 |   7280 |   3700 |  15 | 1593.3 |
          Lair |  19522 |  19263 |    259 |   9789 |   2675 |   6 | 3253.7 |
        Shoals |   3484 |   3484 |      0 |   1184 |    341 |   2 | 1742.0 |
     Snake Pit |   8400 |   8233 |    167 |   2904 |   1569 |   4 | 2100.0 |
  Orcish Mines |   5304 |   5112 |    192 |   2077 |    624 |   2 | 2652.0 |
   Elven Halls |    201 |    201 |      0 |    128 |      0 |   1 |  201.0 |
       Ossuary |    491 |    491 |      0 |      0 |     22 |   1 |  491.0 |
        Bailey |    379 |    379 |      0 |     36 |      0 |   1 |  379.0 |
      Ice Cave |   1049 |   1049 |      0 |    616 |      0 |   1 | 1049.0 |
               +--------+--------+--------+--------+--------+-----+--------+

Top non-repeatable levels by time:
  Lair:4: 4788 daAuts
  Lair:1: 4777 daAuts
   Orc:1: 3130 daAuts
  Lair:5: 3011 daAuts
  Lair:6: 2813 daAuts
Shoals:1: 2735 daAuts
     D:9: 2632 daAuts
 Snake:4: 2614 daAuts
 Snake:2: 2485 daAuts
   Orc:2: 2174 daAuts
  Lair:3: 2127 daAuts
    D:12: 2059 daAuts
     D:2: 2038 daAuts
    D:13: 2037 daAuts
  Lair:2: 2005 daAuts
